 Dungeon Crawl Stone Soup version 0.30-a0-603-g51a0fb1b98 (webtiles) character file.

Game seed: 16372788277776760253

25163 zero the Thaumaturge (level 13, -6/72 HPs)
             Began as a Gargoyle Earth Elementalist on Jan 7, 2023.
             Was an Elder of Kikubaaqudgha.
             Mangled by a death yak (19 damage)
             ... on level 2 of the Lair of Beasts.
             The game lasted 00:23:01 (17191 turns).

zero the Thaumaturge (Gargoyle Earth Elementalist) Turns: 17191, Time: 00:23:02

Health: -6/72      AC: 22    Str: 13    XL:     13   Next: 17%
Magic:  6/28       EV: 12    Int: 20    God:    Kikubaaqudgha [****..]
Gold:   1030       SH:  0    Dex: 16    Spells: 7/35 levels left

rFire   . . .      SeeInvis .    G - +2 shortbow
rCold   . . .      Faith    .    (shield currently unavailable)
rNeg    + . .      Spirit   .    a - +1 robe
rPois   ∞          Reflect  .    E - +2 helmet
rElec   +          Harm     .    n - +2 cloak
rCorr   .          Rampage  .    (no gloves)
Will    +....                    w - +2 pair of boots
Stlth   ++                       (no amulet)
HPRegen 0.32/turn                j - +6 ring of dexterity
MPRegen 0.21/turn                l - ring of willpower

@: no status effects
A: sickness immunity, AC +9, negative energy resistance 1, electricity
resistance, torment resistance 1, petrification resistance
a: Renounce Religion, Unearth Wretches


You were on level 2 of the Lair of Beasts.
You worshipped Kikubaaqudgha.
Kikubaaqudgha was greatly pleased with you.
You visited 3 branches of the dungeon, and saw 13 of its levels.
You also visited: Bailey.

You collected 1056 gold pieces.
You spent 26 gold pieces at shops.

Inventory:

Hand Weapons
 i - a +1 dagger of speed
 r - a +2 dagger of draining
 s - a +1 dagger of venom
 A - a +0 rapier
 G - a +2 shortbow (weapon)
Missiles
 P - 2 curare-tipped darts
Armour
 a - a +1 robe (worn)
 n - a +2 cloak (worn)
 w - a +2 pair of boots (worn)
 E - a +2 helmet (worn)
Magical Staves
 L - a staff of earth
Jewellery
 j - a +6 ring of dexterity (left hand)
 l - a ring of willpower (right hand)
 q - a ring of flight
 t - a ring of fire
 K - a ring of resist corrosion
 N - a ring of see invisible
Wands
 e - a wand of mindburst (3)
 o - a wand of roots (6)
 H - a wand of quicksilver (8)
 O - a wand of flame (12)
Scrolls
 f - 4 scrolls of fear
 k - 6 scrolls of fog
 m - 4 scrolls of blinking
 u - a scroll of torment
 y - 6 scrolls of teleportation
 z - 4 scrolls of magic mapping
 I - a scroll of amnesia
 J - 2 scrolls of immolation
 M - a scroll of identify
 Q - a scroll of poison
Potions
 b - 3 potions of magic
 c - 9 potions of curing
 d - 5 potions of heal wounds
 g - 3 potions of flight
 h - 4 potions of ambrosia
 p - 2 potions of cancellation
 v - 3 potions of might
 x - 2 potions of attraction
 B - a potion of haste
 C - 4 potions of invisibility
 D - 2 potions of lignification
 F - 3 potions of brilliance


   Skills:
 - Level 5.0 Fighting
 - Level 1.0 Ranged Weapons
 - Level 2.0 Armour
 - Level 2.0 Dodging
 - Level 2.1 Stealth
 + Level 11.5 Spellcasting
 - Level 10.0 Conjurations
 + Level 8.9 Necromancy
 - Level 1.0 Transmutations
 + Level 7.1 Ice Magic
 - Level 10.0 Earth Magic


You had 7 spell levels left.
You knew the following spells:

 Your Spells              Type           Power      Damage    Failure   Level
a - Sandblast             Erth           100%       2d20      1%          1
b - Stone Arrow           Conj/Erth      100%       3d13      1%          3
c - Passwall              Tmut/Erth      27%        N/A       1%          2
d - Iron Shot             Conj/Erth      25%        9d5       16%         6
e - Simulacrum            Ice/Necr       21%        N/A       32%         6
g - Apportation           Tloc           22%        N/A       6%          1
v - Borgnjor's Vile Clut  Necr/Erth      24%        N/A       3%          5
E - Animate Dead          Necr           47%        N/A       1%          4

Your spell library contained the following spells:

 Spells                   Type           Power      Damage    Failure   Level
 Kiss of Death            Conj/Necr      100%       2d13      1%          1
 Necrotise                Necr           100%       1d9       1%          1
 Momentum Strike          Conj/Tloc      62%        3d9       1%          2
 Ozocubu's Armour         Ice            40%        N/A       1%          3
 Vampiric Draining        Necr           47%        2d9       1%          3
 Dispel Undead            Necr           47%        3d18      1%          4
 Agony                    Necr           47%        N/A       4%          5
 Summon Small Mammal      Summ           44%        N/A       6%          1
 Petrify                  Tmut/Erth      33%        N/A       6%          4
 Animate Armour           Summ/Erth      62%        N/A       8%          4
 Blink                    Tloc           22%        N/A       9%          2
 Anguish                  Hex/Necr       14%        N/A       10%         4
 Lesser Beckoning         Tloc           22%        N/A       19%         3
 Blade Hands              Tmut           7%         N/A       73%         5
 Ozocubu's Refrigeration  Ice            20%        4d11      95%         7
 Lehudib's Crystal Spear  Conj/Erth      25%        10d7      100%        8


Dungeon Overview and Level Annotations

Branches:
Dungeon (9/15)             Temple (1/1) D:5            Lair (3/5) D:9
  Swamp (0/4) Lair:3       Spider (0/4) Lair:3       Bailey (visited)
    Orc: D:9-12

Altars:
Dithmenos
Elyvilon
Gozag
Kikubaaqudgha
Nemelex Xobeh
Ru
Trog
Xom
Yredelemnul

Shops:
D:2 ?

Portals:
Abyss: D:5

Annotations:
D:5 2 transporters, Cis's ghost, novice MiBe
Lair:1 Fannar


Innate Abilities, Weirdness & Mutations

You are immune to sickness and miasma.
Your stone body is resilient. (AC +9)
You are immune to poison.
You resist negative energy. (rN+)
You are resistant to electric shocks. (rElec)
You are resistant to unholy torment.
You are immune to petrification.


Message History

Confirm with . or Enter, or press ? or * to list all spells.
Aiming: Sandblast (safe; 1% risk of failure)
Press: ? - help, Shift-Dir - straight line, f - death yak
Aim: a death yak (almost dead, 95% to hit)
The blast of sand hits the death yak.
The death yak is almost dead.
The grasping roots constrict the death yak!
The grasping roots constrict the death yak.
The roots release their grip on the death yak. x2
Aiming: Mindburst
Press: ? - help, Shift-Dir - straight line, f/p - death yak
Aim: a death yak (almost dead, chance to affect: 6%)
The death yak resists with almost no effort.
The death yak gores you but does no damage.
The death yak gores you. The death yak closely misses you.
A mysterious force pulls you upwards. The hatch slams shut behind you.
The death yak attacks as you move away!
The death yak gores you but does no damage.
The death yak attacks as you move away! The death yak gores you!
The death yak attacks as you move away! The death yak gores you!
The death yak attacks as you move away!
The death yak gores you but does no damage.
There is an open door here.
Casting: Sandblast (safe; 1% risk of failure)
Confirm with . or Enter, or press ? or * to list all spells.
You don't have enough magic to cast this spell.
Casting: Sandblast (safe; 1% risk of failure)
Confirm with . or Enter, or press ? or * to list all spells.
You don't have enough magic to cast this spell.
Casting: Sandblast (safe; 1% risk of failure)
Confirm with . or Enter, or press ? or * to list all spells.
You don't have enough magic to cast this spell.
The death yak attacks as you move away! The death yak gores you.
The death yak attacks as you move away! The death yak closely misses you.
The death yak attacks as you move away! The death yak gores you.
The death yak attacks as you move away! The death yak gores you!
* * * LOW HITPOINT WARNING * * *
The death yak attacks as you move away! The death yak gores you!!
You die...
Kikubaaqudgha rasps: "You have failed me!
Welcome... oblivion!"

###### ## ##....## ####### .#
###......########..##.#
.###..#.................##
.ZZ.........#######.#....#
#####.#......### ####...#
##........#.##### #..####
####...............###...#.#
..###....#.....YY@........#####
....#.#...###.Y##..........##.#
##......##....##P.#..[.......## ###
####^.....##..##P.#........#..###.#
###..###..######....#.....##......#
#.#..##..Y# ##..##.#....####.#...
#.#...#...# ##...###...#.####.####
.#....#.#'####....####..###........
.#+###.....##.+.+#......##........^


You could see 3 death yaks.

Vanquished Creatures
  2 hydras
  A vault guard (Bailey)
  A two-headed ogre (D:9)
  2 boulder beetles (Lair:3)
  4 death yaks
  A will-o-the-wisp (Lair:3)
  2 black mambas
  4 cane toads
  A torpor snail (Lair:2)
  3 komodo dragons
  A hornet (D:9)
  Grinder (D:5)
  Prince Ribbit (Bailey)
  4 blink frogs (Lair:2)
  4 dream sheep (Lair:2)
  A shadow (D:9)
  3 humans (Bailey)
  10 yaks
  A basilisk (D:9)
  2 vampire mosquitoes (D:7)
  6 wyverns
  3 steam dragons (D:9)
  An acid dragon (D:9)
  6 water moccasins
  An orc warrior (D:5)
  2 sky beasts (D:7)
  An ice beast (D:5)
  4 black bears
  A wolf (Lair:2)
  An ogre (D:6)
  5 centaurs
  2 kobold brigands
  A phantom (D:5)
  19 bullfrogs
  A gnoll sergeant (D:8)
  5 scorpions
  A howler monkey (D:5)
  7 orc priests
  A hound (D:3)
  Crazy Yiuf (D:2)
  2 iguanas (D:5)
  Terence (D:2)
  13 orc wizards
  9 adders
  9 gnolls
  A shadow imp (D:6)
  An ufetubus (D:6)
  A worm (D:2)
  2 dart slugs (D:2)
  25 orcs
  8 ball pythons
  5 bats
  10 endoplasms
  5 giant cockroaches
  7 goblins
  14 hobgoblins
  4 jackals (D:1)
  20 kobolds
  4 quokkas
  4 frilled lizards
  7 rats
  2 butterflies
272 creatures vanquished.

Vanquished Creatures (collateral kills)
  Gastronok (Lair:2)
  A vault guard (Bailey)
  A death yak (Lair:3)
  2 black mambas (Lair:2)
  A cane toad (Lair:1)
  2 komodo dragons
  A polar bear (Lair:3)
  2 blink frogs (Lair:2)
  4 yaks
  2 wyverns
  A water moccasin (D:9)
  A wolf (Lair:2)
  7 bullfrogs
  An iguana (D:9)
27 creatures vanquished.

Vanquished Creatures (others)
  2 death yak zombies (Lair:3)
  A cane toad zombie (Lair:3)
  3 dream sheep zombies (Lair:2)
  3 blink frog zombies (Lair:2)
  A polar bear zombie (Lair:3)
  4 yak zombies (D:9)
  11 bullfrog zombies
  3 black bear zombies
  A gnoll zombie (Bailey)
  An orc zombie (Bailey)
  2 foxfires (Lair:3)
  19 fungi
  34 plants
85 creatures vanquished.

Grand Total: 384 creatures vanquished

Notes
Turn   | Place    | Note
-------+----------+-------------------------------------------
     0 | D:1      | zero the Gargoyle Earth Elementalist began the quest for
                  | the Orb.
     0 | D:1      | Reached XP level 1. HP: 10/10 MP: 3/3
   267 | D:1      | Reached XP level 2. HP: 15/15 MP: 1/5
   468 | D:1      | Reached skill level 3 in Spellcasting
   711 | D:2      | Reached XP level 3. HP: 19/19 MP: 3/7
   715 | D:2      | Learned a level 3 spell: Stone Arrow
   718 | D:2      | Learned a level 2 spell: Passwall
   720 | D:2      | Learned a level 1 spell: Apportation
  1635 | D:2      | Noticed Terence
  1638 | D:2      | Killed Terence
  1639 | D:2      | Reached skill level 4 in Spellcasting
  1639 | D:2      | Reached XP level 4. HP: 24/24 MP: 2/10
  1843 | D:2      | Found a faded altar of an unknown god.
  1860 | D:2      | Found Atimm's Magic Scroll Shoppe.
  1939 | D:2      | Bought a scroll of identify for 26 gold pieces
  2094 | D:2      | Found a runed translucent door.
  2095 | D:2      | Noticed Crazy Yiuf
  2467 | D:2      | Killed Crazy Yiuf
  2468 | D:2      | Reached XP level 5. HP: 28/28 MP: 4/12
  2748 | D:3      | Reached skill level 5 in Spellcasting
  2894 | D:3      | Reached skill level 1 in Fighting
  2894 | D:3      | Reached skill level 1 in Conjurations
  2897 | D:3      | Reached XP level 6. HP: 31/34 MP: 2/13
  3492 | D:3      | Found a shimmering altar of Xom.
  3558 | D:3      | Reached skill level 1 in Armour
  4448 | D:5      | Entered Level 5 of the Dungeon
  4473 | D:5      | Found a transporter.
  4538 | D:5      | Found a transporter.
  4541 | D:5      | Noticed a small abomination
  4647 | D:5      | Noticed an orc warrior
  4688 | D:4      | Reached skill level 5 in Earth Magic
  4929 | D:5      | Reached XP level 7. HP: 35/38 MP: 9/14
  5086 | D:5      | Reached skill level 5 in Conjurations
  5417 | D:5      | Noticed Grinder
  5444 | D:5      | Noticed a small abomination
  5459 | D:5      | Killed Grinder
  5460 | D:5      | Reached XP level 8. HP: 46/46 MP: 1/16
  5710 | D:5      | Found a one-way gate to the infinite horrors of the Abyss.
  5710 | D:5      | Noticed Cis's ghost (novice MiBe)
  5753 | D:5      | Found a staircase to the Ecumenical Temple.
  5775 | Temple   | Entered the Ecumenical Temple
  5791 | Temple   | Became a worshipper of Kikubaaqudgha
  5871 | D:5      | Found a bloodstained altar of Trog.
  6070 | D:6      | Reached skill level 1 in Necromancy
  6359 | D:6      | Reached skill level 6 in Spellcasting
  6587 | D:6      | Learned a level 1 spell: Sandblast
  6874 | D:6      | Reached XP level 9. HP: 52/52 MP: 18/18
  7435 | D:7      | Reached skill level 1 in Ranged Weapons
  7544 | D:7      | Reached * piety under Kikubaaqudgha
  7544 | D:7      | Received a gift from Kikubaaqudgha
  7551 | D:7      | Learned a level 4 spell: Animate Dead
  8017 | D:7      | Reached skill level 5 in Fighting
  8140 | D:7      | Found a sacrificial altar of Ru.
  9024 | D:8      | Reached skill level 7 in Spellcasting
  9321 | D:8      | Found a sparkling altar of Nemelex Xobeh.
  9368 | D:8      | Reached skill level 5 in Necromancy
  9393 | D:8      | Learned a level 6 spell: Iron Shot
  9745 | D:9      | Noticed a hornet
  9749 | D:9      | Killed a hornet
  9750 | D:9      | Reached skill level 1 in Transmutations
  9750 | D:9      | Reached XP level 10. HP: 59/59 MP: 13/20
  9958 | D:9      | Found a flagged portal.
  9979 | Bailey   | Entered a bailey
 10108 | Bailey   | Reached ** piety under Kikubaaqudgha
 10118 | Bailey   | Reached skill level 8 in Spellcasting
 10289 | Bailey   | Noticed a vault guard
 10289 | Bailey   | Noticed Prince Ribbit
 10295 | Bailey   | Killed Prince Ribbit
 10317 | Bailey   | Killed a vault guard
 10402 | Bailey   | Identified the +0 chain mail of Gluttony {Will++ Str+2
                  | Int-2}
 10421 | Bailey   | Noticed a vault guard
 10431 | Bailey   | Killed a vault guard
 10793 | Bailey   | Reached XP level 11. HP: 29/63 MP: 0/23
 10979 | D:9      | Reached skill level 9 in Spellcasting
 11085 | D:9      | Found a staircase to the Lair.
 11112 | D:9      | Noticed a two-headed ogre
 11120 | D:9      | Killed a two-headed ogre
 11121 | D:9      | Reached skill level 10 in Earth Magic
 11122 | D:9      | Reached *** piety under Kikubaaqudgha
 11122 | D:9      | Received a gift from Kikubaaqudgha
 11129 | D:9      | Learned a level 5 spell: Borgnjor's Vile Clutch
 11136 | D:9      | Learned a level 6 spell: Simulacrum
 11407 | D:9      | Reached skill level 1 in Ice Magic
 11578 | D:9      | Found a shadowy altar of Dithmenos.
 12105 | Lair:1   | Entered Level 1 of the Lair of Beasts
 12541 | Lair:1   | Noticed Fannar
 13148 | Lair:1   | Reached skill level 10 in Spellcasting
 13917 | Lair:2   | Reached XP level 12. HP: 68/68 MP: 17/26
 14062 | Lair:2   | Noticed Gastronok
 14070 | Lair:2   | Killed Gastronok
 14494 | Lair:2   | Noticed a five-headed hydra
 14497 | Lair:2   | Reached skill level 5 in Ice Magic
 14503 | Lair:2   | Killed a five-headed hydra
 14535 | Lair:2   | Noticed a death yak
 14571 | Lair:2   | Noticed a death yak
 14787 | Lair:2   | Killed a death yak
 15212 | Lair:3   | Noticed a boulder beetle
 15243 | Lair:3   | Killed a boulder beetle
 15788 | Lair:3   | Noticed a boulder beetle
 15795 | Lair:3   | Killed a boulder beetle
 15796 | Lair:3   | Reached skill level 11 in Spellcasting
 15796 | Lair:3   | Reached skill level 10 in Conjurations
 15940 | Lair:3   | Reached **** piety under Kikubaaqudgha
 16016 | Lair:3   | Found a staircase to the Swamp.
 16134 | Lair:3   | Noticed a death yak
 16135 | Lair:3   | Noticed a death yak
 16135 | Lair:3   | Noticed a death yak
 16136 | Lair:3   | Noticed a death yak
 16136 | Lair:3   | Noticed a death yak
 16136 | Lair:3   | Noticed a death yak
 16148 | Lair:3   | Found a hole to the Spider Nest.
 16354 | Lair:2   | Killed a death yak
 16355 | Lair:2   | Reached XP level 13. HP: 58/72 MP: 5/28
 17191 | Lair:2   | Mangled by a death yak

Illustrated notes

Levels and vault maps discovered:
D:1:      heliophobic_arrival_enchanted_forest, layout_basic,
          lexackson_kobold_supper
D:2:      layout_rooms, chequers_ecumenical_altar_simple, serial_shops, shop,
          chequers_jeans, corexii_item_surrounded_by_moat, kennysheep_boxes,
          uniq_crazy_yiuf_cottage, uniq_terence
D:3:      layout_basic, xom_butterflies, minmay_fractal_squares_gapless_5
D:4:      layout_basic, hangedman_decor_push
D:5:      layout_cave_pools, trog_book, temple_pool_b,
          gammafunk_ghost_abyssal_escape, portal_sewer_entry_a,
          serial_bayou_pond_a, uniq_grinder
D:6:      layout_loops_corners, grunt_ministairs_4,
          chequers_serial_rivers_small_3
D:7:      layout_basic, nicolae_ru_great_annihilating_truth, minmay_hedge_maze
D:8:      layout_rooms, nemelex_diamond_rough_becter
D:9:      cheibrodos_steamvent, layout_basic, nicolae_dithmenos_the_darkroom,
          minmay_lair_entry_grove, enter_bailey_4
Temple:   dshaligram_water_room_temple
Lair:1:   layout_regular_city, gammafunk_lair_bear_cave, grunt_megastairs_2,
          uniq_fannar
Lair:2:   layout_loops_ring, nzn_random_ring, grunt_megastairs_3,
          lemuel_fruit_fields, uniq_gastronok
Lair:3:   layout_cave_shapes, minmay_swamp_entry_wisps,
          nicolae_spider_entry_orb_guardian, grunt_megastairs_4,
          serial_bayou_shore_b, infiniplex_staircase_pool_2,
          serial_bayou_shore_b, lemuel_fruit_fields

Skill      XL: |  1  2  3  4  5  6  7  8  9 10 11 12 13 |
---------------+----------------------------------------+-----
Spellcasting   | 3 4 5 6 7 8 10 11 | 11.5
Fighting       | 1 3 4 5 |  5.0
Conjurations   | 1 3 5 6 8 10 | 10.0
Earth Magic    | 4 5 6 7 8 9 10 | 10.0
Armour         | 1 2 |  2.0
Necromancy     | 2 5 6 7 8 |  8.9
Ranged Weapons | 1 |  1.0
Dodging        | 2 |  2.0
Transmutations | 1 |  1.0
Ice Magic      | 3 6 7 |  7.1
Stealth        | |  2.1

Action                   |  1- 3 |  4- 6 |  7- 9 | 10-12 | 13-15 || total
-------------------------+-------+-------+-------+-------+-------++-------
Melee: Unarmed           |    30 |       |       |       |       ||    30
       Dagger            |     6 |    55 |    21 |       |       ||    82
 Fire: Shortbow          |       |       |   105 |   143 |     4 ||   252
 Cast: Sandblast         |    37 |    68 |    49 |   108 |     9 ||   271
       Stone Arrow       |     2 |    19 |    75 |    73 |     4 ||   173
       Animate Dead      |       |       |       |    12 |     2 ||    14
       Apportation       |       |       |       |     2 |       ||     2
       Borgnjor's Vile C |       |       |       |    20 |    11 ||    31
       Iron Shot         |       |       |       |     9 |     5 ||    14
       Simulacrum        |       |       |       |     1 |       ||     1
Evoke: Wand              |       |       |       |     4 |     2 ||     6
  Use: Scroll            |       |    15 |     7 |     7 |     1 ||    30
 Stab: Sleeping          |       |     2 |     1 |       |       ||     3
Armor: Robe              |    23 |    59 |    78 |   128 |    18 ||   306
Dodge: Dodged            |    31 |    80 |    75 |   164 |    17 ||   367

Table legend: (Time is in decaauts)
 A = Elapsed time spent in this place.
 B = Non-inter-level travel time spent in this place.
 C = Inter-level travel time spent in this place.
 D = Time resting spent in this place.
 E = Time spent auto-exploring this place.
 F = Levels seen in this place.
 G = Mean time per level.
                   A        B        C        D        E       F      G
               +--------+--------+--------+--------+--------+-----+--------+
         Total |  17465 |  16576 |    889 |   4892 |   9158 |  14 | 1247.5 |
       Dungeon |  11516 |  10852 |    664 |   2399 |   6939 |   9 | 1279.6 |
        Temple |     22 |     17 |      5 |      0 |      5 |   1 |   22.0 |
          Lair |   4932 |   4713 |    219 |   1764 |   2129 |   3 | 1644.0 |
        Bailey |    993 |    993 |      0 |    729 |     84 |   1 |  993.0 |
               +--------+--------+--------+--------+--------+-----+--------+

Top non-repeatable levels by time:
  Lair:2: 1901 daAuts
     D:9: 1642 daAuts
  Lair:1: 1561 daAuts
  Lair:3: 1469 daAuts
     D:1: 1457 daAuts
     D:6: 1426 daAuts
     D:7: 1307 daAuts
     D:3: 1288 daAuts
     D:8: 1164 daAuts
     D:2: 1132 daAuts
     D:5: 1056 daAuts
     D:4: 1040 daAuts
  Bailey: 993 daAuts
  Temple: 22 daAuts
